 Dungeon Crawl Stone Soup version 0.31-a0-321-g19405a7a6a (webtiles) character file.

Game seed: 1672573927433581989

207 ytrimaz the Grave Robber (level 5, 0/35 HPs)
             Began as a Mummy Necromancer on July 18, 2023.
             Killed from afar by an orc wizard (12 damage)
             ... with a puff of flame
             ... on level 4 of the Dungeon.
             The game lasted 00:05:20 (3029 turns).

ytrimaz the Grave Robber (Mummy Necromancer)        Turns: 3029, Time: 00:05:20

Health: 0/35       AC:  3    Str: 11    XL:     5   Next: 54%
Magic:  2/11       EV: 12    Int: 17    God:
Gold:   201        SH:  0    Dex: 12    Spells: 5/13 levels left

rFire   x . .        b - +1 dagger (elec)
rCold   + . .        (no shield)
rNeg    + + +        e - +1 robe of Koiguar {+Inv Stlth+}
rPois   ∞            (no helmet)
rElec   .            (no cloak)
rCorr   .            (no gloves)
SInv    .            (no boots)
Will    .....        (no amulet)
Stlth   +++          (no ring)
HPRegen 0.25/turn    (no ring)
MPRegen 0.12/turn

%: faith
@: no status effects
A: cold resistance 1, negative energy resistance 3, torment resistance 2, heat
vulnerability 1, in touch with death 1, no potions, faith
a: Evoke Invisibility


You were on level 4 of the Dungeon.
You visited 1 branch of the dungeon, and saw 4 of its levels.

You collected 201 gold pieces.


Innate Abilities, Weirdness & Mutations

You are immune to poison.
Your flesh is cold resistant. (rC+)
You are immune to negative energy. (rN+++)
You are immune to unholy pain and torment.
You are vulnerable to heat. (rF-)
You are in touch with the powers of death.
You do not drink.
You have a special connection with the divine. (Faith)


   Skills:
 - Level 1.5 Dodging
 - Level 1.5 Stealth
 + Level 4.5 Spellcasting
 * Level 6.1 Necromancy


You had 5 spell levels left.
You knew the following spells:

 Your Spells              Type           Power      Damage    Failure   Level
a - Necrotise             Necr           100%       1d9       1%          1
b - Vampiric Draining     Necr           37%        2d8       3%          3
c - Animate Dead          Necr           37%        N/A       12%         4

Your spell library contained the following spells:

 Spells                   Type           Power      Damage    Failure   Level
 Scorch                   Fire           6%         2d5       22%         2
 Agony                    Necr           37%        N/A       32%         5
 Flame Wave               Conj/Fire      3%         2d5       83%         4
 Summon Cactus Giant      Summ           1%         N/A       100%        6

Inventory:

Hand Weapons
 b - a +1 dagger of electrocution (weapon)
   (You took it off a goblin on level 1 of the Dungeon)
Armour
 a - a +0 robe
 e - the +1 robe of Koiguar (worn) {+Inv Stlth+}
   (You found it on level 3 of the Dungeon)

   +Inv:      It lets you turn invisible.
   Stlth:     It makes you more stealthy.
Scrolls
 c - a scroll of amnesia
 d - a scroll of noise
 h - a scroll of poison

Dungeon Overview and Level Annotations

Branches:
Dungeon (4/15) Zot: 20971  Temple (0/1) D:4

Altars:
Gozag
Qazlal

Shops:
D:1 = D:4

* ..... ....#
........ ....# .
....∩..##......# .
......!...§§§.# ..
#........§§§..
...#........§§..#
#......#.#.....#
####.#...#..##.#
.........@o)....##
......####Z).....#
........# #.#.##....
.........####.#...
.#.
.....#........#...#
#
.....#.......##.....
............##
#.##..
.............#### ..
................#


You could see an orc wizard (ally target) and a friendly scorpion zombie.


Message History

You now have 35 max hp (+5).
You regained 3 hp, and now have 18/35 hp.
Aiming: Necrotise (safe; 1% risk of failure)
Press: ? - help, Q - select action, (/) - cycle Shift-Dir - straight line, f - scorpion
Aim: a scorpion (ally target, chance to affect: 83%)
You feel a surge of power!
The scorpion barely resists.
The endoplasm hits your orc zombie. Something hits your orc zombie.
Your ball python zombie barely misses something.
The scorpion stings you.
* * * LOW HITPOINT WARNING * * *
😨 HP[-6] MP[-1]
You take 6 damage, and now have 12/35 hp.
You lost 1 mp, and now have 1/11 mp.
Aiming: Necrotise (safe; 1% risk of failure)
Press: ? - help, Q - select action, (/) - cycle Shift-Dir - straight line, f/p - scorpion
Aim: a scorpion (ally target, chance to affect: 83%)
You feel a surge of power!
The scorpion writhes in agony!
The ball python bites your orc zombie.
The ball python barely misses your orc zombie.
Your orc zombie closely misses the ball python.
The scorpion barely misses you. The endoplasm hits your orc zombie.
Something hits your orc zombie.
Your orc zombie is destroyed!
Your ball python zombie bites something. 😨 HP[+1] MP[-1]
You lost 1 mp, and now have 0/11 mp.
You barely miss the scorpion. The scorpion stings you.
* * * LOW HITPOINT WARNING * * *
Your ball python zombie barely misses something. 😨 HP[-1]
You take 1 damage, and now have 12/35 hp.
You closely miss the scorpion. The scorpion closely misses you.
The endoplasm barely misses your ball python zombie.
Something hits your ball python zombie.
Okay, then.
You hit the scorpion but do no damage. Lightning courses through the scorpion!
You kill the scorpion!
The dead are crawling!
Your ball python zombie bites the endoplasm.
Something hits your ball python zombie.
Your ball python zombie is destroyed!
The ball python bites you but does no damage.
The ball python grabs you. The ball python constricts you.
Your Necromancy skill increases to level 6!
You hit the ball python. The ball python closely misses you.
The ball python constricts you.
Something hits your scorpion zombie. 😨 HP[+1]
You hit the ball python.
Lightning courses through the ball python!
You kill the ball python!
Your scorpion zombie hits the endoplasm but does no damage.
Something barely misses your scorpion zombie.
Unknown command.
You hit the endoplasm.
Lightning courses through the endoplasm!
You kill the endoplasm!
The dead are walking! 😨 MP[+1]
You swap places.
Your reaping aura is weakening.
Something hits you but does no damage. Something hits you.
* * * LOW HITPOINT WARNING * * *
Things that are here:
a +0 whip; 5 stones; 😨 HP[-3]
You take 3 damage, and now have 10/35 hp.
Unknown command.
You closely miss something.
You hear some strange, mumbled words.
You are confused.
Something hits your endoplasm zombie.
Unknown command.
Something hits your endoplasm zombie.
Something hits your endoplasm zombie. 😨 HP[+1]
Your reaping aura expires.
An orc wizard appears from thin air!
Reactivating autopickup.
Your endoplasm zombie barely misses the orc wizard.
Your scorpion zombie barely misses the orc wizard.
The orc wizard hits your endoplasm zombie with a +0 dagger.
Your endoplasm zombie is destroyed!
Your scorpion zombie barely misses the orc wizard. 😨 MP[+1]
Your scorpion zombie hits the orc wizard.
The orc wizard hits your scorpion zombie with a +0 dagger.
You feel less confused.
Your scorpion zombie barely misses the orc wizard.
The orc wizard hits your scorpion zombie with a +0 dagger. 😨 HP[+1]
You barely miss the orc wizard.
Your scorpion zombie hits the orc wizard.
The orc wizard hits you but does no damage.
Unknown command.
You miss the orc wizard.
Your scorpion zombie barely misses the orc wizard.
The orc wizard casts a spell at you. The puff of flame hits you!
The fire burns you terribly!
You die...

Skill      XL: |  1  2  3  4  5 |
---------------+----------------+-----
Spellcasting   | 3 4 |  4.5
Necromancy     | 5 6 |  6.1
Dodging        | |  1.5
Stealth        | |  1.5

Action                     |  1- 3 |  4- 6 || total
---------------------------+-------+-------++-------
  Melee: Unarmed           |     4 |       ||     4
         Dagger            |     9 |    19 ||    28
   Cast: Necrotise         |    60 |    42 ||   102
         Vampiric Draining |       |     2 ||     2
         Animate Dead      |       |     1 ||     1
    Use: Scroll            |     1 |     4 ||     5
 Armour: Robe              |     3 |     8 ||    11
  Dodge: Dodged            |    30 |    20 ||    50

Levels and vault maps discovered:
D:1:      dpeg_cavernosity, layout_basic, serial_shops,
          nicolae_shop_gaudy_bauble
D:2:      layout_rooms, hellmonk_ecumenical_altar_zigzags
D:3:      layout_basic, mainiacjoe_overflow_small_starburst,
          lemuel_doored_altar, minmay_pentangle
D:4:      layout_cave_pools, gammafunk_temple_overflow_pools,
          minmay_temple_entry_purple_smoke, serial_shops, shop,
          ebering_ghost_inner_flame, grunt_ministairs_13

Notes
Turn   | Place    | Note
-------+----------+-------------------------------------------
     0 | D:1      | ytrimaz the Mummy Necromancer began the quest for the Orb.
     0 | D:1      | Reached XP level 1. HP: 13/13 MP: 4/4
     0 | D:1      | magus.rc [v1.9.6]
   196 | D:1      | Reached skill level 3 in Spellcasting
   200 | D:1      | Reached XP level 2. HP: 19/19 MP: 3/6
   630 | D:1      | Found Yckirghae's Jewellery Emporium.
  1165 | D:2      | Gained mutation: You are in touch with the powers of death.
                  | [Mummy growth]
  1165 | D:2      | Reached XP level 3. HP: 24/24 MP: 2/7
  1374 | D:2      | Reached skill level 5 in Necromancy
  1386 | D:2      | Reached XP level 4. HP: 10/30 MP: 0/9
  1825 | D:2      | Found a faded altar of an unknown god.
  2084 | D:3      | Reached skill level 4 in Spellcasting
  2088 | D:3      | Learned a level 3 spell: Vampiric Draining
  2122 | D:3      | Learned a level 4 spell: Animate Dead
  2131 | D:3      | Found a stormy altar of Qazlal.
  2344 | D:3      | Identified the +1 robe of Koiguar {+Inv Stlth+}
  2700 | D:3      | Found an opulent altar of Gozag.
  2977 | D:4      | You pick up a book of Scorching and begin reading...
  2977 | D:4      | You add the spells Scorch, Flame Wave and Summon Cactus
                  | Giant to your library.
  2984 | D:4      | Found a staircase to the Ecumenical Temple.
  2986 | D:4      | Found Plog's General Store.
  2998 | D:4      | Noticed a scorpion
  3010 | D:4      | Reached XP level 5. HP: 18/35 MP: 2/11
  3015 | D:4      | Reached skill level 6 in Necromancy
  3029 | D:4      | Killed from afar by an orc wizard

Vanquished Creatures
  A scorpion (D:4)
  A sleepcap (D:4)
  4 gnolls (D:2)
  An adder (D:2)
  A worm (D:2)
  A dart slug (D:2)
  5 ball pythons
  6 endoplasms
  2 giant cockroaches (D:3)
  7 goblins
  6 hobgoblins
  6 jackals (D:1)
  2 quokkas
  4 bats
  5 frilled lizards
  6 kobolds
  4 rats
62 creatures vanquished.

Vanquished Creatures (collateral kills)
  2 orcs (D:4)
  A kobold (D:1)
  A rat (D:1)
4 creatures vanquished.

Vanquished Creatures (others)
  A ball python zombie (D:4)
  An endoplasm zombie (D:4)
  A kobold zombie (D:4)
  2 orc zombies (D:4)
5 creatures vanquished.

Grand Total: 71 creatures vanquished

Table legend:
 A = Non-vault XP
 B = Vault XP
 C = Vault XP percentage of total XP
 D = Non-vault monster count
 E = Vault monster count
 F = Vault count percentage of total count
                 A         B        C        D         E       F
            +---------+---------+-------+---------+---------+-------
      Total |     289 |       8 |   2.7 |      61 |       5 |   7.6
            +---------+---------+-------+---------+---------+-------
        D:1 |      32 |       6 |  15.8 |      19 |       4 |  17.4
        D:2 |     101 |       0 |   0.0 |      20 |       0 |   0.0
        D:3 |      23 |       2 |   8.0 |      14 |       1 |   6.7
        D:4 |     133 |       0 |   0.0 |       8 |       0 |   0.0
            +---------+---------+-------+---------+---------+-------

Skill      XL: |  1  2  3  4  5 |
---------------+----------------+-----
Spellcasting   | 3 4 |  4.5
Necromancy     | 5 6 |  6.1
Dodging        | |  1.5
Stealth        | |  1.5

Action                     |  1- 3 |  4- 6 || total
---------------------------+-------+-------++-------
  Melee: Unarmed           |     4 |       ||     4
         Dagger            |     9 |    19 ||    28
   Cast: Necrotise         |    60 |    42 ||   102
         Vampiric Draining |       |     2 ||     2
         Animate Dead      |       |     1 ||     1
    Use: Scroll            |     1 |     4 ||     5
 Armour: Robe              |     3 |     8 ||    11
  Dodge: Dodged            |    30 |    20 ||    50

Illustrated notes

Table legend:
 A = Kills in this place as a percentage of kills in the entire game.
 B = Kills by you in this place as a percentage of kills by you in the entire game.
 C = Kills by friends in this place as a percentage of kills by friends in the entire game.
 D = Other kills in this place as a percentage of other kills in the entire game.
 E = Experience gained in this place as a percentage of experience gained in the entire game.
 F = Experience gained in this place divided by the number of levels of this place that you have seen.
                   A       B       C       D       E      F
               +-------+-------+-------+-------+-------+----------------------
         Total | 100.0 | 100.0 | 100.0 |   N/A | 100.0 |  74.2
       Dungeon | 100.0 | 100.0 | 100.0 |   N/A | 100.0 |  74.2
               +-------+-------+-------+-------+-------+----------------------

Table legend: (Time is in decaauts)
 A = Elapsed time spent in this place.
 B = Non-inter-level travel time spent in this place.
 C = Inter-level travel time spent in this place.
 D = Time resting spent in this place.
 E = Time spent auto-exploring this place.
 F = Levels seen in this place.
 G = Mean time per level.
                   A        B        C        D        E       F      G
               +--------+--------+--------+--------+--------+-----+--------+
         Total |   3027 |   2979 |     48 |      0 |   2577 |   4 |  756.8 |
       Dungeon |   3027 |   2979 |     48 |      0 |   2577 |   4 |  756.8 |
               +--------+--------+--------+--------+--------+-----+--------+

Top non-repeatable levels by time:
     D:1: 1156 daAuts
     D:3: 982 daAuts
     D:2: 829 daAuts
     D:4: 58 daAuts
